 Dungeon Sprint DCSS version 0.29.1-2-gbd0b4ee654 (webtiles) character file.

Game seed: 14279013416085806081

145 boopmooplesden the Trooper (level 5, -23/78 HPs)
             Began as a Minotaur Fighter on Nov 29, 2022.
             Was a Believer of Trog.
             Killed from afar by a deep elf zephyrmancer (29 damage)
             ... with a bolt of lightning
             ... in the Dungeon (Sprint V: "Ziggurat Sprint").
             The game lasted 00:02:08 (132 turns).

boopmooplesden the Trooper (Minotaur Fighter)        Turns: 132, Time: 00:02:09

Health: -23/78     AC: 21    Str: 28    XL:     5   Next: 6%
Magic:  4/4        EV:  5    Int:  5    God:    Trog [**....]
Gold:   0          SH:  0    Dex: 16    Spells: 4/4 levels left

rFire   + . .      SeeInvis .   F - +7 mace of Variability {chain chaos}
rCold   + . .      Faith    .   (shield currently unavailable)
rNeg    . . .      Spirit   .   k - +5 gold dragon scales
rPois   +          Reflect  .   (helmet restricted)
rElec   .          Harm     .   (no cloak)
rCorr   .          Rampage  .   (no gloves)
Will    .....      NoTele   +   (no boots)
Stlth   ..........              (no amulet)
HPRegen 0.23/turn               B - +6 ring of strength
MPRegen 0.09/turn               x - +6 ring of dexterity

@: berserking, studying Evocations, very quick
A: horns 2, retaliatory headbutt
a: Renounce Religion, Berserk, Trog's Hand


You were in the Dungeon.
You worshipped Trog.
Trog was pleased with you.
You visited 1 branch

Inventory:

Hand Weapons
 a - a +0 flail
 b - a +5 demon whip
 c - the +7 hand axe of Xogerul {flame, rElec rN+}
   (You found it in the Dungeon)

   It burns those it strikes, dealing additional fire damage.
   Big, fiery blades are also staple armaments of hydra-hunters.
   rElec:     It insulates you from electricity.
   rN:        It protects you from negative energy.
 E - the +7 great mace "Firestarter" {inner flame, rF++}
   (You found it in the Dungeon)

   It burns those it strikes, dealing additional fire damage.
   It fills those it strikes with an explosive inner flame.
   It grants immunity to clouds of flame.
   rF:        It greatly protects you from fire.
 F - the +7 mace of Variability (weapon) {chain chaos}
   (You found it in the Dungeon)

   Each time it hits an enemy it has a different, random effect.
   It occasionally unleashes arcs of chaos on nearby creatures upon striking a
   foe.
Armour
 k - +5 gold dragon scales (worn)
 l - a +3 tower shield
Jewellery
 w - a ring of flight
 x - a +6 ring of dexterity (right hand)
 y - a +6 ring of dexterity
 z - a +6 ring of intelligence
 A - a +6 ring of intelligence
 B - a +6 ring of strength (left hand)
 C - a +6 ring of strength
Wands
 u - a wand of mindburst (7)
 v - a wand of light (7)
Scrolls
 j - 4 scrolls of blinking
 q - 4 scrolls of amnesia
 r - 7 scrolls of butterflies
 s - 5 scrolls of identify
 t - 2 scrolls of fear
Potions
 d - 6 potions of might
 e - 10 potions of curing
 f - 10 potions of heal wounds
 g - 6 potions of haste
 h - 7 potions of magic
 i - 3 potions of berserk rage
 m - 2 potions of brilliance
 n - 2 potions of invisibility
 o - 4 potions of resistance
 p - a potion of experience
Miscellaneous
 D - a lightning rod (4/4)


   Skills:
 + Level 7.5 Fighting
 + Level 5.5 Maces & Flails
 + Level 7.3 Armour
 + Level 7.1 Shields


You had 4 spell levels left.
You didn't know any spells.
Your spell library was empty.

Dungeon Overview and Level Annotations

Branches:
Dungeon (1/1)

Altars:
Ashenzari
Cheibriados
Dithmenos
Elyvilon
Fedhas
Gozag
Hepliaklqana
Kikubaaqudgha
Makhleb
Nemelex Xobeh
Okawaru
Qazlal
Ru
Sif Muna
Trog
Uskayaw
Vehumet
Wu Jian
Xom
Yredelemnul
Zin
The Shining One
Jiyva
Lugonu

Annotations:
D 1 transporter


Innate Abilities, Weirdness & Mutations

You have a pair of horns on your head.
You reflexively headbutt those who attack you in melee.


Message History

The deep elf zephyrmancer shouts!
The deep elf archer shouts!
The orc sorcerer shouts!
Found four items.
Found a transporter.
The +2 vorpal trident hits you but does no damage.
The orc sorcerer mumbles some strange words.
You miss the +2 vorpal trident. The +2 vorpal trident hits you.
The deep elf zephyrmancer casts a spell at you.
The bolt of lightning misses the +2 vorpal trident.
The bolt of lightning hits you!!
Ouch! That really hurt!
The +2 vorpal trident hits you but does no damage.
The +2 vorpal trident hits you.
* * * LOW HITPOINT WARNING * * *
The orc sorcerer gestures wildly while chanting.
A red film seems to cover your vision as you go berserk!
You feel yourself moving faster!
You feel mighty! The +2 vorpal trident hits you!
* * * LOW HITPOINT WARNING * * *
x2 The deep elf archer hits you but does no damage.
You hit the deep elf archer.
The deep elf archer's magic leaks into the air.
Your headbutt misses the deep elf archer.
The deep elf archer is lightly wounded.
The deep elf archer's magic is no longer disrupted.
The +2 vorpal trident hits you but does no damage. x2
You barely miss the deep elf archer.
The deep elf archer is lightly wounded.
The orc sorcerer points at you and mumbles some strange words.
The bolt of fire misses you.
The deep elf zephyrmancer hits you but does no damage.
The deep elf archer hits you but does no damage.
The +2 vorpal trident hits you but does no damage.
You sock the deep elf archer! You burn the deep elf archer.
The deep elf archer is heavily wounded.
The +2 vorpal trident hits you but does no damage.
The deep elf archer hits you but does no damage.
The orc sorcerer hits you but does no damage.
The deep elf zephyrmancer gestures at you while chanting.
The bolt of lightning hits you!!
You die...

▓...).▓.....▓..©..▓
▓..©..▓..©..▓▓▓▓▓▓▓
▓▓▓▓▓▓▓▓▓▓▓▓▓▓
▓..8©8...▓
▓..)})...▓
▓...[....▓
▓...3....▓
▓..e(o4..▓
▓.▓e@..▓.▓
▓...©....▓
▓▓▓▓▓▓▓▓▓▓


You could see a deep elf archer (repels missiles), a hellwing (summoned), a deep
elf zephyrmancer, a smoke demon (summoned), an orc sorcerer and a +2 vorpal
trident.

Vanquished Creatures
  A naga (D)
  An orc wizard (D)
  3 orcs (D)
  2 ball pythons (D)
  A bat zombie (D)
  A quokka zombie (D)
9 creatures vanquished.

Notes
Turn   | Place    | Note
-------+----------+-------------------------------------------
     0 | D        | boopmooplesden the Minotaur Fighter began the quest for the
                  | Orb.
     0 | D        | Reached XP level 1. HP: 19/19 MP: 0/0
    13 | D        | Found a blossoming altar of Fedhas.
    13 | D        | Found the +6 Majin-Bo {vamp, MP+6 Int+6}
    13 | D        | Found the +9 heavy crossbow "Sniper" {vorpal, Acc+∞ SInv}
    13 | D        | Found the +10 dark maul {vorpal}
    13 | D        | Found the +15 Maxwell's patent armour {-Cast -Tele rElec
                  | Will+ rCorr}
    13 | D        | Found the +18 shield of the Gong {rElec rN+ Will+ EV-5}
    13 | D        | Found the +14 obsidian axe {vorpal, Mesm Drain Fly SInv}
    13 | D        | Found the +7 great mace "Firestarter" {inner flame, rF++}
    13 | D        | Found the +6 shillelagh "Devastator" {shatter}
    13 | D        | Found the +11 plutonium sword {Contam Stlth-}
    13 | D        | Found the +8 lance "Wyrmbane" {slay drac, rPois rF+ rC+
                  | AC+3}
    13 | D        | Found the +9 sword of Zonguldrok {reap}
    13 | D        | Found the +13 scythe of Curses {drain, Drain}
    13 | D        | Found the +5 sword of Power {vorpal}
    13 | D        | Found the +7 mace of Variability {chain chaos}
    13 | D        | Found the +7 Singing Sword {vorpal, sonic wave}
    13 | D        | Found the +8 storm bow {elec, penet}
    17 | D        | Found a shimmering blue altar of Sif Muna.
    17 | D        | Found a sacrificial altar of Ru.
    17 | D        | Found a bloodstained altar of Trog.
    17 | D        | Found a stormy altar of Qazlal.
    17 | D        | Found an iron altar of Okawaru.
    17 | D        | Found a sparkling altar of Nemelex Xobeh.
    19 | D        | Found a transporter.
    19 | D        | Found an ancient bone altar of Kikubaaqudgha.
    19 | D        | Found a viscous altar of Jiyva.
    19 | D        | Found a corrupted altar of Lugonu.
    19 | D        | Found a hazy altar of Hepliaklqana.
    19 | D        | Found a burning altar of Makhleb.
    19 | D        | Found an opulent altar of Gozag.
    59 | D        | Became a worshipper of Trog the Wrathful
    80 | D        | Entered arena 2.
    80 | D        | Found a transporter.
    91 | D        | Entered arena 3.
    91 | D        | Noticed a naga
    91 | D        | Found a transporter.
    94 | D        | Killed a naga
    94 | D        | Reached * piety under Trog
    95 | D        | Reached skill level 5 in Maces & Flails
    95 | D        | Reached XP level 2. HP: 34/34 MP: 1/1
    95 | D        | Reached XP level 3. HP: 39/39 MP: 2/2
    95 | D        | Reached XP level 4. HP: 47/47 MP: 3/3
   108 | D        | Entered arena 4.
   108 | D        | Found a transporter.
   110 | D        | Reached ** piety under Trog
   117 | D        | Reached XP level 5. HP: 48/52 MP: 4/4
   122 | D        | Got the +7 hand axe of Xogerul {flame, rElec rN+}
   126 | D        | Entered arena 5.
   126 | D        | Noticed a deep elf zephyrmancer
   126 | D        | Noticed a deep elf archer
   126 | D        | Noticed an orc sorcerer
   126 | D        | Noticed a +2 vorpal trident
   126 | D        | Found a transporter.
   128 | D        | Noticed a smoke demon
   129 | D        | Noticed a hellwing
   132 | D        | Killed from afar by a deep elf zephyrmancer

Illustrated notes

Levels and vault maps discovered:
D:        sprint_v [room_start, room_1, room_2, room_3, room_4, room_5, room_6,
          room_7, room_8, room_9, room_10, room_11, room_12, room_13, room_14,
          room_15, room_16, room_17, room_18, room_19, room_20, room_21,
          room_22, room_23, room_24, room_25, room_26, room_27]

Skill      XL: |  1  2  3  4 |
---------------+-------------+-----
Fighting       | 7 |  7.5
Armour         | 6 7 |  7.3
Shields        | 6 7 |  7.1
Maces & Flails | 5 |  5.5

Action                   |  1- 3 |  4- 6 || total
-------------------------+-------+-------++-------
Melee: Great mace        |     6 |    14 ||    20
Invok: Berserk           |       |     1 ||     1
Armor: Gold dragon scale |    12 |    26 ||    38
Dodge: Dodged            |     3 |     3 ||     6
